 Dungeon Crawl Stone Soup version 0.20.0-8-g6b59dc7 (webtiles) character file.

12219 mcbry the Spear-Bearer (level 11, -5/96 HPs)
             Began as a Merfolk Gladiator on June 1, 2017.
             Was a Believer of Qazlal.
             Killed from afar by an oklob plant (8 damage)
             ... with a splash of acid
             ... on level 12 of the Dungeon.
             The game lasted 01:25:19 (12047 turns).

mcbry the Spear-Bearer (Merfolk Gladiator)         Turns: 12047, Time: 01:25:20

Health: -5/96      AC: -4    Str: 19    XL:     11   Next: 89%
Magic:  19/27      EV: 13    Int:  7    God:    Qazlal [**....]
Gold:   527        SH:  7    Dex: 15    Spells: 15/20 levels left

rFire    . . .     SeeInvis .   C - +1 trident
rCold    + . .     Gourm    .   (no shield)
rNeg     . . .     Faith    .   Q - +4 ring mail {rC+}
rPois    .         Spirit   .   d - +0 helmet
rElec    .         Reflect  +   (no cloak)
rCorr    +         Harm     .   v - +0 pair of gloves
MR       .....                  c - +0 pair of boots
Stlth    +.........             g - +5 amulet of reflection
Regen    0.7/turn               G - ring of resist corrosion
MPRegen  0.2/turn               D - ring of magical power

@: corroded
A: change form in water, swift swim, stealthy swim, regeneration 1
a: Upheaval, Renounce Religion


You were on level 12 of the Dungeon.
You worshipped Qazlal.
Qazlal was pleased with you.
You were not hungry.

You visited 2 branches of the dungeon, and saw 13 of its levels.
You also visited: Labyrinth.

You collected 527 gold pieces.

Inventory:

Hand Weapons
 C - a +1 trident (weapon)
 W - the +3 quarterstaff "Feyfiyl" {drain, Str-2 Int+7 SInv}
   (You found it on level 10 of the Dungeon)

   A truly terrible weapon, it drains the life of those it strikes.
   It affects your strength (-2).
   It affects your intelligence (+7).
   It lets you see invisible.
Missiles
 k - 5 silver javelins
 B - 4 tomahawks (quivered)
Armour
 b - a +2 plate armour of magic resistance
 c - a +0 pair of boots (worn)
 d - a +0 helmet (worn)
 v - a +0 pair of gloves (worn)
 Q - a +4 ring mail of cold resistance (worn)
Jewellery
 a - an uncursed amulet of the gourmand
 g - a +5 amulet of reflection (around neck)
 l - an uncursed amulet of faith
 q - an uncursed ring of protection from fire
 D - a ring of magical power (right hand)
 G - a ring of resist corrosion (left hand)
 H - an uncursed ring of poison resistance
 N - an uncursed ring of fire
 S - an uncursed amulet of magic regeneration {unknown}
 Y - a +3 amulet of reflection
Wands
 z - a wand of acid (12/15)
 M - a wand of enslavement (6/24)
 O - a wand of flame (26/48)
 P - a wand of digging (5/24)
 R - a wand of polymorph (10/24)
 T - a wand of confusion (20/48)
 X - a wand of iceblast (5/15)
Scrolls
 e - 2 scrolls of enchant armour
 h - 8 scrolls of identify
 j - 3 scrolls of remove curse
 o - 4 scrolls of teleportation
 s - a scroll of amnesia
 w - 3 scrolls of magic mapping
 y - 2 scrolls of recharging {unknown}
 J - 2 scrolls of fear
Potions
 i - a potion of lignification
 n - 2 potions of invisibility
 p - 2 potions of resistance
 r - 2 potions of might
 t - 2 potions of curing {unknown}
 x - a potion of flight
 A - 4 potions of agility
 F - 3 potions of haste
 I - a potion of berserk rage
 K - a potion of brilliance
Books
 u - a book of Necromancy

   Spells                             Type                      Level
   a - Pain                           Necromancy                   1
   b - Animate Skeleton               Necromancy                   1
   c - Vampiric Draining              Necromancy                   3
   d - Regeneration                   Charms/Necromancy            3
   e - Animate Dead                   Necromancy                   4
   f - Control Undead                 Necromancy                   4
 U - a book of Minor Magic

   Spells                             Type                      Level
   a - Magic Dart                     Conjuration                  1
   b - Blink                          Translocation                2
   c - Call Imp                       Summoning                    2
   d - Slow                           Hexes                        2
   e - Conjure Flame                  Conjuration/Fire             3
   f - Mephitic Cloud                 Conjuration/Poison/Air       3
Miscellaneous
 V - a lamp of fire
Comestibles
 f - 3 bread rations
 E - 2 fruits
 L - a royal jelly
 Z - 3 chunks of flesh


   Skills:
 - Level 12.7 Fighting
 - Level 14.0 Polearms
 - Level 2.0 Throwing
 - Level 4.2 Dodging
 + Level 5.1 Spellcasting
 + Level 4.7 Necromancy
 + Level 7.2 Invocations


You had 15 spell levels left.
You knew the following spells:

 Your Spells              Type           Power        Failure   Level  Hunger
a - Animate Skeleton      Necr           N/A          7%          1    #......
b - Animate Dead          Necr           N/A          56%         4    #####..


Dungeon Overview and Level Annotations

Branches:
Dungeon (12/15)            Temple (1/1) D:4            Lair (0/6) D:8
    Orc: D:9-12

Altars:
Ashenzari
Cheibriados
Dithmenos
Elyvilon
Fedhas
Gozag
Hepliaklqana
Kikubaaqudgha
Makhleb
Nemelex Xobeh
Okawaru
Qazlal
Ru
Sif Muna
Trog
Uskayaw
Vehumet
Xom
Yredelemnul
Zin
The Shining One

Portals:
Trove: D:11 (give 15 scrolls of identify)

Annotations:
D:5 Mlkhall's ghost, novice GrEE
D:12 exclusion: oklob plant


Innate Abilities, Weirdness & Mutations

You revert to your normal form in water.
You are very nimble and swift while swimming.
You are very stealthy in the water. (Stealth+)
Your natural rate of healing is unusually fast.


Message History

* * * LOW HITPOINT WARNING * * *
The acid corrodes you!
You are splashed with acid!
The acid burns!
You resist.
* * * LOW HITPOINT WARNING * * *
You hear two shouts!
You hear a shout!
Unknown command.
Attack whom?
Press: ? - help, Dir - move target cursor, f/p - oklob plant
Aim: an oklob plant (severely damaged)
You reach to attack!
You hit the oklob plant but do no damage.
The oklob plant is severely damaged.
Attack whom?
Press: ? - help, Dir - move target cursor, f/p - oklob plant
Aim: an oklob plant (severely damaged)
You reach to attack!
You hit the oklob plant but do no damage.
The oklob plant is severely damaged.
The oklob plant spits acid at you. The splash of acid hits you! You resist.
You die...

##...........+...[.. #..
...#.........+...... #..
##................[ #..
#.................. #..
................###+###..
........PP......#........
......PP...........######
.....PP§.PPP.......#.....
.....P!.@PP.....#..#.....
.....PPP≈PP.....#..#.....
......PPP>P.....#..####'#
....%..PPPP.....#......^.
................#........
#..............##........
#..............##.....###
#.............#########
.##........###


You could see an oklob plant.

Vanquished Creatures
  A minotaur (Lab)
  A hydra (D:11)
  3 two-headed ogres
  An ugly thing (D:12)
  4 gargoyles (Lab)
  2 trolls
  A hippogriff (D:9)
  2 shadows (Lab)
  Sigmund (D:6)
  A redback (Lab)
  A wyvern (D:9)
  Grum (D:9)
  4 yaks (D:10)
  Edmund (D:6)
  2 hell hounds (D:8)
  Duvessa (D:4)
  2 ice beasts
  4 sky beasts
  An eye of draining (D:8)
  2 phantoms
  5 ogres
  4 wolves
  2 centaurs
  6 bullfrogs
  Blork the orc (D:4)
  A big kobold (D:8)
  Dowan (D:4)
  A wyvern skeleton (D:7)
  2 scorpions
  5 killer bees (D:8)
  A water moccasin skeleton (D:9)
  3 jellies
  A wight (D:9)
  A spriggan skeleton (Lab)
  A bullfrog zombie (D:8)
  2 centaur zombies (D:8)
  4 crimson imps
  A quasit (D:10)
  5 hounds
  5 orc wizards
  3 bullfrog skeletons
  6 orc priests
  A centaur skeleton (Lab)
  An iguana (D:11)
  A worker ant (D:10)
  A hound zombie (D:8)
  A hound skeleton (D:4)
  A howler monkey skeleton (D:4)
  7 gnolls
  11 adders
  4 shadow imps
  3 oozes
  An adder skeleton (D:4)
  A worm (D:3)
  6 dart slugs
  5 leopard geckos
  26 orcs
  9 bats
  7 giant cockroaches
  10 goblins
  5 hobgoblins
  8 jackals
  9 kobolds
  5 quokkas
  3 frilled lizards
  A jackal skeleton (D:8)
  4 rats
228 creatures vanquished.

Vanquished Creatures (collateral kills)
  2 oklob plants (D:12)
  A minotaur zombie (Lab)
  A necrophage (D:11)
  An orc (D:11)
  A bush (D:12)
  A plant (D:12)
7 creatures vanquished.

Grand Total: 235 creatures vanquished

Notes
Turn   | Place    | Note
-------+----------+-------------------------------------------
     0 | D:1      | mcbry the Merfolk Gladiator began the quest for the Orb.
     0 | D:1      | Reached XP level 1. HP: 16/16 MP: 1/1
   287 | D:1      | Reached XP level 2. HP: 23/23 MP: 2/2
   498 | D:1      | Reached XP level 3. HP: 14/29 MP: 3/3
  2028 | D:3      | Reached XP level 4. HP: 23/38 MP: 4/4
  2186 | D:3      | Reached skill level 5 in Fighting
  2186 | D:3      | Reached XP level 5. HP: 15/44 MP: 5/5
  2401 | D:3      | Found an opulent altar of Gozag.
  2484 | D:3      | Found a deep blue altar of Sif Muna.
  2598 | D:3      | Found a transporter.
  3095 | D:3      | Found a transporter.
  3133 | D:4      | Found a staircase to the Ecumenical Temple.
  3147 | D:4      | Reached XP level 6. HP: 53/53 MP: 6/6
  3202 | Temple   | Entered the Ecumenical Temple
  3375 | Temple   | Became a worshipper of Qazlal Stormbringer
  3409 | D:4      | Noticed Duvessa
  3429 | D:4      | Noticed Dowan
  3452 | D:4      | Killed Duvessa
  3466 | D:4      | Killed Dowan
  3907 | D:4      | Noticed Blork the orc
  3931 | D:4      | Killed Blork the orc
  3931 | D:4      | Reached XP level 7. HP: 50/62 MP: 7/7
  4363 | D:5      | Entered Level 5 of the Dungeon
  4656 | D:5      | Reached * piety under Qazlal
  4772 | D:5      | Noticed Mlkhall's ghost (novice GrEE)
  4963 | D:6      | Found a sparkling altar of Nemelex Xobeh.
  4973 | D:6      | Found an ancient bone altar of Kikubaaqudgha.
  5003 | D:6      | Reached XP level 8. HP: 57/72 MP: 8/8
  5121 | D:6      | Found an iron altar of Okawaru.
  5180 | D:6      | Reached skill level 10 in Fighting
  5239 | D:6      | Noticed Edmund
  5252 | D:6      | Killed Edmund
  5277 | D:6      | Noticed Sigmund
  5296 | D:6      | Reached skill level 5 in Polearms
  5390 | D:6      | Killed Sigmund
  5469 | D:6      | Found a hide-covered altar of Uskayaw.
  6042 | D:7      | Reached skill level 6 in Polearms
  6446 | D:7      | Reached skill level 7 in Polearms
  6446 | D:7      | Reached XP level 9. HP: 67/81 MP: 9/9
  6558 | D:8      | Reached ** piety under Qazlal
  6632 | D:8      | Reached skill level 8 in Polearms
  6997 | D:8      | Reached skill level 9 in Polearms
  6999 | D:8      | HP: 4/81 [poisoned by a killer bee]
  7009 | D:8      | Gained mutation: Your natural rate of healing is unusually fast. [potion of mutation]
  7009 | D:8      | Gained mutation: You evolve. [potion of mutation]
  7009 | D:8      | Gained mutation: You are resistant to hostile enchantments. (MR+) [potion of mutation]
  7009 | D:8      | Gained mutation: Your muscles are strong. (Str +2) [potion of mutation]
  7138 | D:8      | Found a white marble altar of Elyvilon.
  7277 | D:8      | Reached skill level 10 in Polearms
  7442 | D:8      | Found a staircase to the Lair.
  7633 | D:8      | Lost mutation: You are resistant to hostile enchantments. (MR+) [evolution]
  7669 | D:8      | Reached skill level 11 in Polearms
  8251 | D:9      | Reached XP level 10. HP: 70/89 MP: 10/10
  8403 | D:9      | Reached skill level 12 in Polearms
  8777 | D:9      | Reached *** piety under Qazlal
  8842 | D:10     | Entered Level 10 of the Dungeon
  8851 | D:10     | Noticed Grum
  8911 | D:9      | Killed Grum
  8911 | D:9      | Reached skill level 13 in Polearms
  8911 | D:9      | Reached skill level 1 in Invocations
  9098 | D:10     | Learned a level 1 spell: Animate Skeleton
  9424 | D:10     | Got a translucent quarterstaff
  9425 | D:10     | Identified the +3 quarterstaff "Feyfiyl" {drain, Str-2 Int+7 SInv} (You found it on level 10 of the Dungeon)
  9686 | D:10     | Reached skill level 14 in Polearms
  9839 | D:11     | Noticed a two-headed ogre
  9863 | D:11     | Killed a two-headed ogre
  9863 | D:11     | Reached skill level 1 in Spellcasting
  9863 | D:11     | Reached skill level 1 in Necromancy
  9986 | D:11     | Reached XP level 11. HP: 92/96 MP: 14/14
 10070 | D:11     | Found a portal to a secret trove of treasure.
 10143 | D:11     | Found a labyrinth entrance.
 10152 | Lab      | Entered a labyrinth
 10392 | Lab      | Reached skill level 5 in Invocations
 11087 | Lab      | Noticed a minotaur
 11091 | Lab      | Killed a minotaur
 11191 | Lab      | Learned a level 4 spell: Animate Dead
 11391 | D:11     | Noticed a seven-headed hydra
 11414 | D:11     | Killed a seven-headed hydra
 11680 | D:11     | Noticed a two-headed ogre
 11688 | D:11     | Killed a two-headed ogre
 11822 | D:12     | Noticed a brown ugly thing
 11844 | D:12     | Killed a brown ugly thing
 11892 | D:12     | Noticed a two-headed ogre
 11914 | D:12     | Killed a two-headed ogre
 11914 | D:12     | Reached skill level 5 in Spellcasting
 11942 | D:12     | Lost mutation: Your muscles are strong. (Str +2) [evolution]
 11942 | D:12     | Lost mutation: You evolve. [end of evolution]
 11986 | D:12     | Noticed an oklob plant
 11989 | D:12     | Noticed an oklob plant
 11990 | D:12     | Noticed an oklob plant
 12032 | D:12     | Killed an oklob plant
 12034 | D:12     | Killed an oklob plant
 12045 | D:12     | HP: 2/96 [acid (8)]
 12047 | D:12     | Killed from afar by an oklob plant

Skill      XL: |  1  2  3  4  5  6  7  8  9 10 11 |
---------------+----------------------------------+-----
Fighting       | 3 4 5 6 8 9 11 12 | 12.7
Polearms       | 7 11 14 | 14.0
Invocations    | 4 7 |  7.2
Spellcasting   | 2 5 |  5.1
Necromancy     | 1 4 |  4.7
Throwing       | |  2.0
Dodging        | |  4.2

Action                   |  1- 3 |  4- 6 |  7- 9 | 10-12 || total
-------------------------+-------+-------+-------+-------++-------
Melee: Trident           |   119 |   221 |   580 |   450 ||  1370
       Tailslap          |       |     2 |     1 |       ||     3
Throw: Throwing net      |     1 |     1 |     3 |       ||     5
       Tomahawk          |       |       |       |     1 ||     1
 Cast: Animate Skeleton  |       |       |       |     5 ||     5
Invok: Upheaval          |       |       |       |    12 ||    12
  Use: Scroll            |       |     6 |     9 |     6 ||    21
       Potion            |       |       |     9 |     3 ||    12
 Stab: Sleeping          |     2 |     2 |       |       ||     4
       Held in net/web   |       |     2 |     2 |       ||     4
       Invisible         |       |       |     1 |       ||     1
  Eat: Chunk             |     3 |     3 |     4 |     5 ||    15
       Royal jelly       |       |     1 |       |       ||     1
       Fruit             |       |     1 |       |       ||     1
       Meat ration       |       |       |     2 |       ||     2
       Bread ration      |       |       |     1 |     1 ||     2
Armor: Leather armour    |    18 |    31 |       |       ||    49
       Scale mail        |       |     5 |   160 |    54 ||   219
       Skin              |       |       |     1 |       ||     1
       Ring mail         |       |       |       |    15 ||    15
Dodge: Dodged            |    61 |    68 |   199 |   133 ||   461
Block: Other             |    22 |    27 |   111 |   115 ||   275
       Reflection        |     2 |     1 |     6 |     6 ||    15
